AoeStats
← Scol1ng

Oasis

507726161Analyzed
3v3 RM · 13d ago on Sep 19, 2026· 89m 45s· 6 players
Game mode
Random Map
Map size
Normal (6 player)
Population
200
Speed
Normal
Resources
Standard
Victory
Conquest
Starting age
Dark Age
Ending age
Imperial Age
RankedLock teamsTeams togetherTeam positionsShared explorationLock speedFull tech treeHidden civsTurbo modeCheats
Victory
Defeat
🇩🇪 Koreans · Germany
1591
+15
🇩🇪 Burmese · Germany
1566
+16
🇩🇪 Goths · Germany
1547
+16
🇨🇳 Tupi · China
1622
-19
🇨🇳 Georgians · China
1604
-17
🇨🇳 Persians · China
1451
-11
若梦子凡
6:03 Loom
11:58 Feudal Age
20:39 Castle Age
19:53 Fletching
20:51 Double-Bit Axe
23:56 Bodkin Arrow
25:42 Padded Archer Armor
32:16 Ballistics
41:25 Leather Archer Armor
51:54 Horse Collar
52:57 Wheelbarrow
52:42 Bow Saw
52:59 Heavy Plow
56:06 Imperial Age
55:45 Hand Cart
56:52 Bracer
57:23 Ring Archer Armor
57:56 Chemistry
56:33 Capped Ram
57:44 Siege Ram
59:35 Conscription
60:33 Scale Mail Armor
60:42 Pikeman
61:22 Squires
60:42 Champi Runner
61:18 Champi Warrior
61:52 Town Watch
62:49 Chain Mail Armor
62:46 Elite Champi Warrior
64:14 Forging
64:42 Plate Mail Armor
67:06 Caravan
66:41 Halberdier
68:19 Iron Casting
72:18 Arson
77:15 Elite Ibirapema Warrior
84:18 Hoardings
86:53 Two-Man Saw
传说中的奇迹
3:22 Loom
11:30 Feudal Age
12:07 Double-Bit Axe
12:04 Horse Collar
20:11 Castle Age
19:03 Stone Mining
21:15 Bow Saw
22:56 Heavy Plow
23:55 Gold Mining
26:03 Town Watch
30:43 Wheelbarrow
32:22 Wheelbarrow
36:24 Imperial Age
35:06 Scale Barding Armor
35:11 Forging
36:31 Hand Cart
37:33 Chain Barding Armor
37:48 Iron Casting
37:24 Bloodlines
37:14 Husbandry
38:06 Conscription
38:07 Devotion
38:57 Plate Barding Armor
38:24 Husbandry
38:31 Elite Monaspa
39:16 Fletching
40:30 Blast Furnace
39:55 Fletching
40:50 Crop Rotation
41:06 Aznauri Cavalry
41:09 Padded Archer Armor
42:32 Chemistry
41:52 Ballistics
42:10 Svan Towers
43:06 Bodkin Arrow
43:27 Masonry
44:36 Leather Archer Armor
44:22 Bracer
44:35 Guilds
44:25 Caravan
44:46 Guard Tower
44:41 Arrowslits
44:57 Murder Holes
44:43 Treadmill Crane
47:57 Hoardings
48:04 Keep
48:00 Architecture
52:06 Siege Engineers
51:55 Light Cavalry
55:07 Coinage
56:42 Banking
57:01 Hussar
59:15 Capped Ram
63:12 Siege Ram
76:48 Heavy Scorpion
77:35 Heavy Scorpion
82:35 Scale Mail Armor
83:30 Chain Mail Armor
82:50 Pikeman
83:30 Squires
83:21 Halberdier
84:41 Plate Mail Armor
83:41 Man-at-Arms
84:07 Gambesons
84:31 Long Swordsman
86:12 Two-Handed Swordsman
87:16 Champion
88:12 Arson
心如止水
6:38 Loom
6:45 Loom
9:04 Feudal Age
9:44 Double-Bit Axe
14:32 Scale Barding Armor
16:36 Forging
18:33 Bloodlines
25:05 Castle Age
23:04 Horse Collar
24:17 Gold Mining
25:32 Wheelbarrow
24:51 Light Cavalry
25:53 Chain Barding Armor
28:41 Husbandry
31:33 Iron Casting
32:44 Bow Saw
35:48 Heavy Plow
40:41 Imperial Age
39:02 Gold Shaft Mining
39:17 Hand Cart
40:15 Stone Mining
40:17 Town Watch
40:17 Cavalier
41:34 Plate Barding Armor
41:38 Savar
43:45 Chemistry
44:15 Blast Furnace
49:00 Coinage
48:26 Heavy Camel Rider
49:43 Guilds
49:34 Caravan
51:08 Banking
50:55 Fletching
51:39 Conscription
50:40 Elite War Elephant
52:49 Hoardings
54:13 Crop Rotation
53:57 Bodkin Arrow
55:00 Stone Shaft Mining
55:21 Citadels
57:42 Two-Man Saw
57:53 Masonry
64:00 Architecture
65:04 Hussar
71:29 Murder Holes
71:55 Ballistics
71:33 Murder Holes
105er.G0ldenFir3
6:21 Loom
9:06 Feudal Age
10:14 Double-Bit Axe
13:21 Fletching
16:38 Horse Collar
19:15 Scale Mail Armor
20:49 Gold Mining
23:16 Castle Age
21:59 Gold Mining
23:19 Crossbowman
23:57 Bodkin Arrow
24:28 Bow Saw
25:51 Wheelbarrow
29:13 Ballistics
29:15 Town Watch
32:08 Hand Cart
33:11 Thumb Ring
38:28 Heavy Plow
39:30 Gold Shaft Mining
38:45 Stone Mining
41:35 Imperial Age
39:55 Heavy Plow
40:31 Caravan
42:37 Bracer
43:39 Two-Man Saw
42:37 Murder Holes
42:52 Fortified Wall
43:24 Masonry
44:45 Chemistry
44:39 Architecture
43:49 Treadmill Crane
44:33 Conscription
44:34 Scale Mail Armor
45:50 Chain Mail Armor
45:00 Pikeman
45:40 Squires
45:58 Halberdier
47:32 Plate Mail Armor
48:38 Fortified Wall
49:17 Forging
49:11 Arrowslits
50:58 Coinage
51:06 Eupseong
51:42 Shinkichon
52:32 Guilds
53:41 Banking
53:21 Siege Engineers
53:39 Forging
53:58 Heavy Rocket Cart
56:41 Banking
56:49 Iron Casting
67:00 Elite Fire Lancer
67:26 Arson
Öl1ng
6:32 Loom
7:08 Loom
9:15 Feudal Age
12:11 Horse Collar
16:41 Scale Barding Armor
18:27 Bloodlines
18:28 Forging
20:39 Wheelbarrow
23:01 Castle Age
22:35 Gold Mining
23:24 Light Cavalry
24:04 Husbandry
24:26 Chain Barding Armor
30:07 Iron Casting
41:24 Imperial Age
39:10 Hand Cart
38:40 Town Watch
40:12 Stone Mining
40:58 Gold Shaft Mining
40:49 Caravan
40:43 Fletching
42:46 Plate Barding Armor
41:45 Cavalier
43:12 Bodkin Arrow
43:52 Manipur Cavalry
43:55 Howdah
44:33 Elite Battle Elephant
45:49 Murder Holes
47:01 Pikeman
47:41 Squires
47:26 Arson
49:14 Scale Mail Armor
48:43 Halberdier
50:49 Chain Mail Armor
52:19 Blast Furnace
53:25 Plate Mail Armor
54:34 Heavy Plow
60:03 Coinage
59:43 Guilds
62:12 Fortified Wall
62:13 Masonry
61:45 Treadmill Crane
66:33 Banking
67:21 Man-at-Arms
67:46 Gambesons
68:34 Long Swordsman
70:23 Two-Handed Swordsman
73:45 Champion
85:34 Crop Rotation
Scol1ng
6:58 Loom
9:19 Feudal Age
9:28 Man-at-Arms
11:58 Double-Bit Axe
11:54 Horse Collar
13:33 Wheelbarrow
18:59 Town Watch
22:09 Castle Age
20:01 Gold Mining
21:25 Stone Mining
23:41 Bow Saw
25:21 Heavy Plow
25:51 Caravan
29:40 Pikeman
40:12 Imperial Age
38:00 Squires
38:03 Scale Mail Armor
39:26 Hand Cart
39:29 Chain Mail Armor
39:24 Forging
40:19 Stone Shaft Mining
40:02 Anarchy
40:14 Long Swordsman
40:38 Halberdier
42:12 Iron Casting
45:38 Conscription
51:55 Elite Huskarl
54:16 Perfusion
55:50 Ballistics
55:40 Masonry
61:16 Blast Furnace
60:56 Architecture
61:26 Chemistry
60:37 Clinker Construction
63:46 Town Patrol
64:17 Fletching
65:50 Bodkin Arrow
67:08 Two-Man Saw
67:54 Bracer
68:01 Scale Barding Armor
69:00 Murder Holes
69:57 Coinage
70:36 Two-Handed Swordsman
71:20 Padded Archer Armor
71:54 Banking
71:35 Guilds
72:44 Crop Rotation
81:08 Champion
84:04 Heated Shot
84:24 Careening
84:21 Siphons
84:29 Clinker Construction
86:40 Chain Barding Armor
86:37 Leather Archer Armor
87:32 Incendiaries
87:46 Carvel Hull
87:56 Sanctity
88:01 Illumination
87:31 Herbal Medicine
88:12 Theocracy
87:47 Fervor
87:38 Devotion
87:15 Sappers
89:01 Ring Archer Armor
89:35 Shipwright
90:20 Husbandry
90:31 Bloodlines
89:41 Light Cavalry
89:42 Cavalier
Connection lost

Rejoining the realm…

Still unreachable

The connection could not be restored.

Session expired

The server has moved on; the page needs a fresh start.